 Dungeon Crawl Stone Soup version 0.30-a0-694-g3340775977 (webtiles) character file.

Game seed: 6954986194663272922

586 Drevant2 the Conjurer (level 7, -8/47 HPs)
             Began as a Human Conjurer on Jan 20, 2023.
             Mangled by Crazy Yiuf
             ... wielding a +4 quarterstaff of chaos
              (9 damage)
             ... on level 3 of the Dungeon.
             The game lasted 00:17:01 (7778 turns).

Drevant2 the Conjurer (Human Conjurer)              Turns: 7778, Time: 00:17:02

Health: -8/47      AC:  2    Str:  5 (8)  XL:     7   Next: 65%
Magic:  5/10       EV: 12    Int: 18 (20) God:
Gold:   1056       SH:  0    Dex:  9 (11) Spells: 6/10 levels left

rFire   . . .      SeeInvis .    c - +0 dagger
rCold   . . .      Faith    .    (no shield)
rNeg    . . .      Spirit   .    a - +0 robe
rPois   .          Reflect  .    (no helmet)
rElec   .          Harm     .    (no cloak)
rCorr   .          Rampage  .    (no gloves)
Will    .....                    (no boots)
Stlth   ++                       (no amulet)
HPRegen 0.27/turn                (no ring)
MPRegen 0.12/turn                (no ring)

@: brilliant, lethally poisoned (-8 -> -14)
A: no striking features
a: no special abilities


You were on level 3 of the Dungeon.
You visited 1 branch of the dungeon, and saw 3 of its levels.

You collected 1056 gold pieces.

Inventory:

Hand Weapons
 c - a +0 dagger (weapon)
Missiles
 b - 2 throwing nets
Armour
 a - a +0 robe (worn)
Jewellery
 h - an amulet of guardian spirit
 k - a +4 ring of slaying
Wands
 m - a wand of charming (4)
Scrolls
 e - a scroll of enchant weapon {unknown}
 j - a scroll of enchant armour {unknown}
 l - a scroll of magic mapping {unknown}
 n - 2 scrolls of identify {unknown}


   Skills:
 - Level 0.5 Fighting
 - Level 1.0 Short Blades
 - Level 2.0 Dodging
 - Level 2.0 Stealth
 - Level 2.0 Spellcasting
 - Level 7.0 Conjurations
 * Level 4.6 Ice Magic


You had 6 spell levels left.
You knew the following spells:

 Your Spells              Type           Power      Damage    Failure   Level
a - Magic Dart            Conj           100%       1d8       1%          1
b - Hailstorm             Conj/Ice       34%        3d9       4%          3

Your spell library contained the following spells:

 Spells                   Type           Power      Damage    Failure   Level
 Searing Ray              Conj           80%        2d7       1%          2
 Freeze                   Ice            100%       1d10      2%          1
 Frozen Ramparts          Ice            54%        1d9       9%          3
 Dazzling Flash           Conj/Hex       42%        N/A       13%         3
 Fulminant Prism          Conj/Hex       10%        3d8       38%         4
 Iskenderun's Mystic Bla  Conj/Tloc      21%        2d6       38%         4


Dungeon Overview and Level Annotations

Branches:
Dungeon (3/15)

Altars:
Ashenzari

Annotations:
D:2 Terence
D:3 Crazy Yiuf


Message History

Confirm with . or Enter, or press ? or * to list all spells.
Aiming: Magic Dart (safe; 1% risk of failure)
Press: ? - help, Shift-Dir - straight line, f/p - Crazy Yiuf
Aim: Crazy Yiuf, wielding a +4 quarterstaff of chaos and wearing a +0 cloak (lightly wounded, 100% to hit)
The magic dart hits Crazy Yiuf but does no damage.
Crazy Yiuf is lightly wounded.
Crazy Yiuf hits you with a +4 quarterstaff of chaos!
* * * LOW HITPOINT WARNING * * *
You are lethally poisoned!
Sorry, you're not good enough to have a special ability.
Unknown command.
It was a potion of heal wounds.
You feel much better.
* * * LOW HITPOINT WARNING * * *
You feel very sick. Crazy Yiuf closely misses you.
It was a potion of degeneration.
There was something very wrong with that liquid.
You feel weakened.
You feel dopey.
You feel clumsy.
* * * LOW HITPOINT WARNING * * *
You feel very sick.
Crazy Yiuf hits you with a +4 quarterstaff of chaos.
* * * LOW HITPOINT WARNING * * *
You easily resist.
You feel clever all of a sudden.
* * * LOW HITPOINT WARNING * * *
You feel very sick. Crazy Yiuf barely misses you.
You hit Crazy Yiuf but do no damage.
Crazy Yiuf is lightly wounded.
* * * LOW HITPOINT WARNING * * *
You feel sick.
Crazy Yiuf says, "Buddy!"
Crazy Yiuf closely misses you.
You hit Crazy Yiuf.
Crazy Yiuf is moderately wounded.
* * * LOW HITPOINT WARNING * * *
You feel very sick.
Crazy Yiuf whimpers, "Action head return to song!"
Crazy Yiuf hits you with a +4 quarterstaff of chaos!
You die...

######>.#### #
##....# #....#
#....# ##### #.####
#..)# #.#### #...#
#....# ... ##...##
#g# ######..#..#
♣♣@♣ .......###.#
♣.♣♣ .......# #.#
♣♣.♣ ######.# #.#
♣.♣♣ ######.###.#
♣♣.♣♣ [)).##..##.#
♣...♣♣ ###.###)##.#
♣..[.♣ ###...#.##.#
#....#
..###...######+..+#


You could see Crazy Yiuf.

Vanquished Creatures
  A howler monkey (D:3)
  2 orc priests (D:3)
  A hound (D:3)
  A gnoll bouda (D:3)
  Ijyb (D:3)
  2 orc wizards (D:3)
  19 gnolls
  4 adders
  2 worms
  2 dart slugs
  23 orcs
  8 ball pythons
  6 bats
  5 endoplasms
  3 giant cockroaches
  3 hobgoblins
  12 jackals (D:3)
  4 kobolds
  3 quokkas
  A frilled lizard (D:3)
  6 goblins
  6 rats
115 creatures vanquished.

Vanquished Creatures (others)
  5 plants (D:3)
5 creatures vanquished.

Grand Total: 120 creatures vanquished

Notes
Turn   | Place    | Note
-------+----------+-------------------------------------------
     0 | D:1      | Drevant2 the Human Conjurer began the quest for the Orb.
     0 | D:1      | Reached XP level 1. HP: 13/13 MP: 3/3
   188 | D:1      | Reached XP level 2. HP: 13/19 MP: 1/5
  1004 | D:1      | Reached XP level 3. HP: 24/24 MP: 6/6
  1294 | D:2      | Reached skill level 1 in Short Blades
  1599 | D:2      | Reached skill level 5 in Conjurations
  1599 | D:2      | Reached XP level 4. HP: 25/31 MP: 1/7
  2661 | D:3      | Reached XP level 5. HP: 31/36 MP: 3/8
  3058 | D:3      | Learned a level 3 spell: Hailstorm
  3062 | D:3      | Reached skill level 6 in Conjurations
  3566 | D:3      | Found a broken altar of Ashenzari.
  3871 | D:3      | Noticed an ogre
  4175 | D:3      | Noticed Terence
  4248 | D:3      | Reached XP level 6. HP: 42/42 MP: 3/9
  4706 | D:3      | Noticed Ijyb
  4730 | D:3      | Killed Ijyb
  4731 | D:3      | Reached skill level 7 in Conjurations
  4794 | D:3      | Found a runed translucent door.
  4795 | D:3      | Noticed Crazy Yiuf
  4873 | D:3      | Reached skill level 1 in Ice Magic
  5297 | D:3      | Reached XP level 7. HP: 47/47 MP: 5/10
  5331 | D:3      | Identified a scroll of acquirement
  5331 | D:3      | Acquired 905 gold pieces
  7100 | D:3      | Identified the +10 dagger of Ferocious Honour {protect,
                  | *Corrode Int+3 Stlth+}
  7778 | D:3      | HP: 1/47 [poisoned by Crazy Yiuf]
  7778 | D:3      | Mangled by Crazy Yiuf

Illustrated notes

Levels and vault maps discovered:
D:1:      dpeg_arrival_rooms_b, layout_loops_ring
D:2:      layout_basic, minmay_cut_off
D:3:      lemuel_castle_with_subvaults [lemuel_castle_interior_carwin_3],
          layout_rooms, lemuel_doored_altar, minmay_surrounded,
          uniq_crazy_yiuf_cottage, uniq_ijyb, uniq_terence

Skill      XL: |  1  2  3  4  5  6  7 |
---------------+----------------------+-----
Short Blades   | 1 |  1.0
Conjurations   | 5 6 7 |  7.0
Ice Magic      | 2 4 |  4.6
Fighting       | |  0.5
Dodging        | |  2.0
Stealth        | |  2.0
Spellcasting   | |  2.0

Action                   |  1- 3 |  4- 6 |  7- 9 || total
-------------------------+-------+-------+-------++-------
Melee: Dagger            |    75 |    53 |    15 ||   143
       Unarmed           |     7 |       |       ||     7
 Cast: Magic Dart        |    35 |   169 |    93 ||   297
       Hailstorm         |       |       |     1 ||     1
  Use: Scroll            |       |       |     5 ||     5
       Potion            |       |       |     5 ||     5
 Stab: Sleeping          |     4 |     3 |       ||     7
       Distracted        |       |     1 |       ||     1
Armor: Robe              |    14 |    22 |     2 ||    38
Dodge: Dodged            |    54 |    96 |    28 ||   178

Table legend: (Time is in decaauts)
 A = Elapsed time spent in this place.
 B = Non-inter-level travel time spent in this place.
 C = Inter-level travel time spent in this place.
 D = Time resting spent in this place.
 E = Time spent auto-exploring this place.
 F = Levels seen in this place.
 G = Mean time per level.
                   A        B        C        D        E       F      G
               +--------+--------+--------+--------+--------+-----+--------+
         Total |   7798 |   7016 |    782 |   4067 |   1968 |   3 | 2599.3 |
       Dungeon |   7798 |   7016 |    782 |   4067 |   1968 |   3 | 2599.3 |
               +--------+--------+--------+--------+--------+-----+--------+

Top non-repeatable levels by time:
     D:3: 3583 daAuts
     D:2: 2692 daAuts
     D:1: 1523 daAuts
